 Dungeon Crawl Stone Soup version 0.28.0-43-g3370ac3207 (webtiles) character file.

Game seed: 5982504347735781651

35794 croobank the Severer (level 13, 0/118 HPs)
             Began as a Hill Orc Fighter on Mar 23, 2022.
             Was a High Priest of Beogh.
             Succumbed to Nessos's poison
             ... on level 3 of the Lair of Beasts.
             The game lasted 01:02:19 (13749 turns).

croobank the Severer (Hill Orc Fighter)            Turns: 13749, Time: 01:02:30

Health: 0/118      AC: 24    Str: 30    XL:     13   Next: 86%
Magic:  21/21      EV: 10    Int:  5    God:    Beogh [*****.]
Gold:   1007       SH:  0    Dex: 10    Spells: 11/12 levels left

rFire   . . .      SeeInvis .   a - +4 executioner's axe (vamp)
rCold   . . .      Faith    .   (shield currently unavailable)
rNeg    + . .      Spirit   .   G - +4 swamp dragon scales
rPois   +          Reflect  .   v - +1 helmet
rElec   .          Harm     .   N - +0 cloak
rCorr   .          Rampage  .   K - +3 Mad Mage's Maulers {Infuse+∞ RegenMP Int-3}
Will    .....                   u - +0 pair of boots
Stlth   ..........              m - amulet of regeneration
HPRegen 1.09/turn               f - ring of positive energy
MPRegen 0.57/turn               S - +6 ring of strength

@: lethally poisoned (0 -> 0), on berserk cooldown, hasted and slowed
A: walk on water
a: Renounce Religion, Smiting, Recall Orcish Followers, Give Item to Named
Follower


You were on level 3 of the Lair of Beasts.
You worshipped Beogh.
Beogh was extremely pleased with you.
You visited 2 branches of the dungeon, and saw 15 of its levels.

You collected 1043 gold pieces.
You spent 36 gold pieces at shops.

Inventory:

Hand Weapons
 a - a +4 vampiric executioner's axe (weapon)
 b - a +0 hunting sling
 n - a +1 war axe
 s - a +2 short sword of speed
 w - a +2 spear of flaming
 B - a +3 falchion
 C - a +3 morningstar
 F - a +1 scimitar of flaming
 I - a +0 bardiche of protection
Missiles
 i - 15 boomerangs
 j - 281 arrows
 l - 455 stones
 p - 37 bolts
 r - 2 atropa-tipped darts
 t - 131 sling bullets
 y - a throwing net
 H - 3 datura-tipped darts (quivered)
Armour
 c - a +0 buckler
 o - a +0 scale mail
 u - a +0 pair of boots (worn)
 v - a +1 helmet (worn)
 G - +4 swamp dragon scales (worn)
 K - the +3 Mad Mage's Maulers (worn) {Infuse+∞ RegenMP Int-3}
   (You acquired it on level 10 of the Dungeon)

   It empowers its wearer's blows with all of their magic.
   It causes its wearer's magical reserves to regenerate more quickly.
   Int:       It affects your intelligence (-3).
 N - a +0 cloak (worn)
Jewellery
 d - a ring of protection from fire
 e - an amulet of reflection
 f - a ring of positive energy (left hand)
 m - an amulet of regeneration (around neck)
 L - an amulet of magic regeneration
 M - a ring of ice
 Q - an amulet of faith
 S - a +6 ring of strength (right hand)
Wands
 E - a wand of polymorph (11)
 J - a wand of flame (9)
 O - a wand of iceblast (2)
Scrolls
 h - 4 scrolls of magic mapping
 k - 5 scrolls of teleportation
 D - 5 scrolls of fear
 R - 3 scrolls of torment
 X - a scroll of identify
Potions
 q - 2 potions of brilliance
 x - 2 potions of mutation
 z - 7 potions of curing
 A - 2 potions of cancellation
 P - 11 potions of ambrosia
 T - a potion of magic {unknown}
 U - a potion of flight {unknown}
 V - a potion of experience {unknown}


   Skills:
 + Level 12.2 Fighting
 * Level 16.2(16.8) Axes
 + Level 6.4(11.0) Maces & Flails
 + Level 11.3 Armour
 + Level 11.3 Shields
 + Level 11.5 Invocations


You had 11 spell levels left.
You knew the following spells:

 Your Spells              Type           Power      Damage    Failure   Level
a - Foxfire               Conj/Fire      0%         2x1d4     56%         1

Your spell library contained the following spells:

 Spells                   Type           Power      Damage    Failure   Level
 Ensorcelled Hibernation  Hex/Ice        0%         N/A       71%         2
 Sublimation of Blood     Necr           0%         N/A       71%         2
 Conjure Flame            Conj/Fire      0%         6-21      91%         3
 Frozen Ramparts          Ice            0%         1d2       91%         3
 Ignite Poison            Fire/Tmut/Pois 0%         N/A       91%         3
 Inner Flame              Hex/Fire       0%         N/A       91%         3
 Mephitic Cloud           Conj/Pois/Air  0%         N/A       91%         3
 Spider Form              Tmut/Pois      0%         N/A       91%         3
 Tukima's Dance           Hex            0%         N/A       91%         3
 Anguish                  Hex/Necr       0%         N/A       100%        4
 Flame Wave               Conj/Fire      0%         2d4       100%        4
 Ice Form                 Ice/Tmut       0%         N/A       100%        4
 Petrify                  Tmut/Erth      0%         N/A       100%        4
 Summon Ice Beast         Ice/Summ       0%         N/A       100%        4
 Freezing Cloud           Conj/Ice/Air   0%         6-21      100%        5
 Irradiate                Conj/Tmut      0%         3d14      100%        5
 Summon Forest            Summ/Tloc      0%         N/A       100%        5
 Eringya's Noxious Bog    Tmut/Pois      0%         N/A       100%        6
 Enfeeble                 Hex            0%         N/A       100%        7
 Summon Hydra             Summ           0%         N/A       100%        7


Dungeon Overview and Level Annotations

Branches:
Dungeon (11/15)            Temple (0/1) D:7            Lair (4/6) D:10
  Swamp: Lair:2-4    Shoals: Lair:2-4     Snake: Lair:2-4    Spider: Lair:2-4
    Orc: D:9-12

Altars:
Zin

Shops:
D:6 *

Annotations:
Lair:4 Nessos


Message History

Nessos shoots an arrow.
The arrow hits you but does no damage.
Nessos shoots an arrow.
The arrow hits you but does no damage.
You feel extremely sick.
Nessos unwields a +1 longbow of flaming.
It stops flaming.
Nessos hits you but does no damage. Nessos kicks you but does no damage.
Nessos hits you but does no damage. Nessos kicks you but does no damage.
There is a stone staircase leading up here.
You barely miss Nessos.
You feel very sick. Nessos hits you.
* * * LOW HITPOINT WARNING * * *
Nessos barely misses you. Nessos hits you.
* * * LOW HITPOINT WARNING * * *
Nessos kicks you but does no damage.
Nessos stands on their hind legs for a moment.
Nessos hits you.
* * * LOW HITPOINT WARNING * * *
Nessos kicks you but does no damage.
You feel yourself speed up.
You feel very sick.
Nessos gestures wildly while chanting.
Nessos blinks!
Nessos intently looks at you, slowly moving their tail.
Nessos wields a +1 longbow of flaming.
It bursts into flame!
Nessos shoots an arrow.
The arrow hits you!
* * * LOW HITPOINT WARNING * * *
The arrow burns you.
* * * LOW HITPOINT WARNING * * *
Nessos intently looks at you, slowly moving their tail.
Nessos mumbles some strange words.
Nessos blinks!
Nessos shoots an arrow.
The arrow hits you but does no damage.
You feel sick.
Nessos casts a spell.
Nessos blinks!
Nessos shoots an arrow.
The arrow hits you.
* * * LOW HITPOINT WARNING * * *
The arrow burns you.
* * * LOW HITPOINT WARNING * * *
You climb upwards.
You die...

#.#.....#....................
##......#....................
##..#....#....................
#...##...#....................
##P.#......P.....###..........
##...............#...........
#.#..................#......
##.#..#............^..#.....
#####......@.........##.....
##.##.............#...##....<
#..................#.........
##...........................
##........#.................
#.#.##....#.................
#...#....##.................
#.......##..................
##..........................


There were no monsters in sight!

Vanquished Creatures
  A hydra (Lair:2)
  A boulder beetle (D:11)
  Fannar (D:10)
  6 death yaks (Lair:4)
  Nergalle (Lair:2)
  A bog body (Lair:4)
  2 cyclopes
  11 elephants
  2 centaur zombies
  4 black mambas
  12 cane toads
  Maggie (D:8)
  2 rime drakes
  8 komodo dragons
  A queen bee (Lair:2)
  2 polar bears (Lair:1)
  4 trolls
  14 blink frogs
  4 basilisks
  A shadow (D:11)
  25 yaks
  3 wyverns
  A steam dragon (D:8)
  15 water moccasins
  A swamp worm (Lair:4)
  3 acid dragons
  2 sky beasts
  3 black bears
  An ogre (D:5)
  9 centaurs
  2 phantoms (D:6)
  7 bullfrogs
  A gnoll sergeant (D:7)
  A scorpion (D:4)
  A water moccasin zombie (D:7)
  30 killer bees
  5 wights (D:6)
  2 electric eels
  A hound (D:7)
  A centaur skeleton (D:5)
  A gnoll shaman (D:4)
  4 orc priests
  An iguana (D:6)
  10 orc wizards
  2 hound skeletons (D:5)
  A howler monkey zombie (D:5)
  Robin (D:3)
  10 gnolls
  6 adders
  A howler monkey skeleton (D:6)
  2 shadow imps
  4 white imps
  An ufetubus (D:5)
  A worm (D:2)
  2 dart slugs
  16 orcs
  6 bats
  5 endoplasms
  5 giant cockroaches
  18 goblins
  10 hobgoblins
  7 jackals
  2 quokkas
  6 ball pythons
  5 frilled lizards
  4 kobolds
  4 rats
  A bush (Lair:2)
329 creatures vanquished.

Vanquished Creatures (collateral kills)
  3 death yaks (Lair:4)
3 creatures vanquished.

Vanquished Creatures (others)
  A hound (D:6)
  An orc priest (D:6)
  An orc wizard (D:6)
  3 orcs (D:6)
  2 foxfires (Lair:4)
  7 fungi
  31 plants
46 creatures vanquished.

Grand Total: 378 creatures vanquished

Notes
Turn   | Place    | Note
-------+----------+-------------------------------------------
     0 | D:1      | croobank the Hill Orc Fighter began the quest for the Orb.
     0 | D:1      | Reached XP level 1. HP: 19/19 MP: 1/1
     6 | D:1      | Noticed an ogre
     9 | D:1      | Noticed a demigod
    11 | D:1      | Noticed a draconian
    13 | D:1      | Noticed a minotaur
    15 | D:1      | Noticed a naga
    15 | D:1      | Noticed a minotaur
    17 | D:1      | Noticed an octopode
    17 | D:1      | Noticed a draconian
    19 | D:1      | Noticed an elf
    21 | D:1      | Noticed a barachi
   268 | D:1      | Reached XP level 2. HP: 23/27 MP: 2/2
   347 | D:1      | Reached skill level 3 in Axes
   553 | D:1      | Found a faded altar of an unknown god.
   820 | D:1      | Reached XP level 3. HP: 33/33 MP: 3/3
  1533 | D:2      | Reached XP level 4. HP: 40/40 MP: 4/4
  2196 | D:3      | Found a glowing silver altar of Zin.
  2213 | D:3      | Found a transporter.
  2252 | D:3      | Found a transporter.
  2604 | D:3      | Noticed Robin
  2635 | D:3      | Killed Robin
  2636 | D:3      | Reached skill level 4 in Axes
  2636 | D:3      | Reached XP level 5. HP: 36/47 MP: 5/5
  3068 | D:4      | Reached skill level 5 in Fighting
  3212 | D:4      | Reached XP level 6. HP: 36/56 MP: 6/6
  4007 | D:5      | Entered Level 5 of the Dungeon
  4083 | D:5      | Reached skill level 5 in Axes
  4164 | D:5      | Reached skill level 5 in Armour
  4164 | D:5      | Reached skill level 5 in Shields
  4164 | D:5      | Reached XP level 7. HP: 48/61 MP: 7/7
  4568 | D:6      | Became a worshipper of Beogh the Brigand
  4612 | D:6      | Reached skill level 6 in Axes
  4672 | D:6      | Reached XP level 8. HP: 45/69 MP: 8/8
  4683 | D:6      | Reached skill level 1 in Invocations
  4972 | D:6      | Found Viv Moisk's Assorted Antiques.
  4977 | D:6      | Bought a scroll of identify for 36 gold pieces
  5389 | D:6      | Reached skill level 7 in Axes
  5550 | D:7      | Reached XP level 9. HP: 77/79 MP: 11/11
  5624 | D:7      | Reached * piety under Beogh
  6092 | D:7      | Noticed a troll
  6098 | D:7      | Killed a troll
  6099 | D:7      | Reached skill level 8 in Axes
  6212 | D:7      | Reached skill level 5 in Invocations
  6215 | D:7      | Found a staircase to the Ecumenical Temple.
  6349 | D:8      | Noticed Maggie
  6369 | D:8      | Killed Maggie
  6445 | D:8      | Identified a scroll of acquirement
  6445 | D:8      | Acquired a +2 executioner's axe of freezing
  6700 | D:8      | Reached skill level 9 in Axes
  7657 | D:9      | Reached XP level 10. HP: 90/90 MP: 14/14
  7897 | D:9      | Noticed a cyclops
  7906 | D:9      | Killed a cyclops
  7907 | D:9      | Reached skill level 10 in Axes
  8062 | D:10     | Entered Level 10 of the Dungeon
  8235 | D:10     | Acquired the +3 Mad Mage's Maulers {Infuse+∞ RegenMP Int-3}
  8235 | D:10     | Found the +3 Mad Mage's Maulers {Infuse+∞ RegenMP Int-3}
  8266 | D:10     | Noticed Fannar
  8525 | D:10     | Reached skill level 11 in Axes
  8573 | D:10     | Found a staircase to the Lair.
  8844 | D:10     | Reached XP level 11. HP: 46/97 MP: 0/16
  8973 | D:10     | Killed Fannar
  8973 | D:10     | Reached ** piety under Beogh
  9373 | D:11     | Reached skill level 12 in Axes
  9377 | D:11     | Noticed a boulder beetle
  9391 | D:11     | Killed a boulder beetle
  9485 | D:11     | Noticed a cyclops
  9490 | D:11     | Killed a cyclops
  9491 | D:11     | Reached skill level 10 in Fighting
  9813 | Lair:1   | Entered Level 1 of the Lair of Beasts
 10114 | Lair:1   | Reached skill level 1 in Maces & Flails
 10656 | Lair:2   | Reached skill level 13 in Axes
 10865 | Lair:2   | Reached XP level 12. HP: 107/107 MP: 1/18
 11011 | Lair:2   | Reached *** piety under Beogh
 11206 | Lair:2   | Reached skill level 10 in Armour
 11226 | Lair:2   | HP: 7/162 [killer bee (6)]
 11232 | Lair:2   | HP: 8/162 [poisoned by a killer bee]
 11237 | Lair:2   | HP: 8/162 [poisoned by a killer bee]
 11391 | Lair:2   | Noticed Nergalle
 11407 | Lair:2   | Reached skill level 10 in Shields
 11409 | Lair:2   | Killed Nergalle
 11482 | Lair:2   | Reached skill level 14 in Axes
 11777 | Lair:2   | Noticed a seven-headed hydra
 11789 | Lair:2   | Killed a seven-headed hydra
 11790 | Lair:2   | Reached skill level 10 in Invocations
 12389 | Lair:3   | Reached **** piety under Beogh
 12629 | Lair:3   | Reached XP level 13. HP: 116/116 MP: 1/20
 12681 | Lair:3   | Learned a level 1 spell: Foxfire
 12691 | Lair:3   | Reached skill level 5 in Maces & Flails
 12735 | Lair:3   | Reached skill level 15 in Axes
 13440 | Lair:4   | Reached ***** piety under Beogh
 13460 | Lair:4   | Reached skill level 16 in Axes
 13731 | Lair:4   | Noticed Nessos
 13748 | Lair:4   | HP: 2/118 [Nessos/arrow (4)]
 13749 | Lair:3   | Succumbed to Nessos's poison

Illustrated notes

Levels and vault maps discovered:
D:1:      shiori_arrival_whats_in_store_for_you, layout_basic,
          ebering_ecumenical_altar_mist, serial_forest,
          infiniplex_forest_clump_diagonal, infiniplex_forest_diagonal,
          infiniplex_forest_end_1, infiniplex_forest_lined_2,
          infiniplex_forest_corner_1, infiniplex_forest_lined_3_way,
          infiniplex_forest_straight_3
D:2:      layout_basic, minmay_ruptured
D:3:      gammafunk_wand_slinger, layout_basic, mainiacjoe_overflow_alcove_1,
          serial_park_tiny_2, minmay_goblin_kobold_house, uniq_robin
D:4:      layout_loops_ring
D:5:      layout_basic
D:6:      layout_gridville, serial_shops, shop_fountains, palyth_stone_intersect
D:7:      layout_loops_ring, minmay_temple_entry_overgrown,
          minmay_crystal_water, hangedman_abyss_or_decor_stabs
D:8:      layout_basic, minivault_5, uniq_maggie
D:9:      layout_basic, nicolae_figureground_pulse
D:10:     layout_rooms, erik_lair_dragon, uniq_fannar
D:11:     layout_basic
Lair:1:   layout_gridlike, gammafunk_lair_bear_cave
Lair:2:   layout_roguey [special_room_bee], serial_bayou_lagoon_a,
          chequers_serial_rivers_micro_d, st_stairs_11,
          infiniplex_staircase_pool, uniq_nergalle
Lair:3:   layout_cave_shapes, special_room, beast_lair_carwin_8
Lair:4:   layout_cave_shapes, nicolae_swamp_entry_splash_gauntlet,
          minmay_snake_entry_spellcaster, uniq_nessos

Skill      XL: |  1  2  3  4  5  6  7  8  9 10 11 12 13 |
---------------+----------------------------------------+-----
Axes           | 3 4 5 6 7 9 11 13 14 16 | 16.2
Fighting       | 4 5 6 7 8 9 10 11 12 | 12.2
Armour         | 4 5 6 7 8 9 10 11 | 11.3
Shields        | 4 5 6 7 8 9 10 11 | 11.3
Invocations    | 3 6 7 9 10 11 | 11.5
Maces & Flails | 2 4 6 |  6.4

Action                   |  1- 3 |  4- 6 |  7- 9 | 10-12 | 13-15 || total
-------------------------+-------+-------+-------+-------+-------++-------
Melee: War axe           |   127 |   191 |   299 |       |       ||   617
       Executioner's axe |       |       |    42 |   315 |   138 ||   495
       Short sword       |       |       |       |   143 |       ||   143
       Morningstar       |       |       |       |     4 |       ||     4
       Punch             |       |       |       |     2 |       ||     2
 Fire: Hunting sling     |       |     9 |       |       |       ||     9
Throw: Dart              |       |     4 |     5 |     6 |       ||    15
       Boomerang         |       |     1 |     1 |       |       ||     2
 Cast: Foxfire           |       |       |       |       |     2 ||     2
Invok: Convert to Beogh  |       |       |     1 |       |       ||     1
  Use: Scroll            |     1 |     9 |     4 |    14 |     5 ||    33
       Potion            |       |     1 |     3 |     4 |     2 ||    10
 Stab: Distracted        |       |       |       |       |     1 ||     1
Armor: Scale mail        |    54 |    85 |   174 |       |       ||   313
       Skin              |       |     3 |       |       |       ||     3
       Swamp dragon scal |       |       |    51 |   488 |   129 ||   668
Dodge: Dodged            |    41 |    96 |   158 |   447 |    73 ||   815
Block: Buckler           |    69 |   109 |    68 |       |       ||   246
       Reflection        |     2 |     3 |       |       |       ||     5
